 Dungeon Crawl Stone Soup version 0.26-a0-631-ged93497179 (webtiles) character file.

Game seed: 5820414768930212564

4889 Murumi the Fighter (level 10, -2/111 HPs)
             Began as an Ogre Conjurer on Sept 12, 2020.
             Was a Follower of Okawaru.
             Slain by a troll (15 damage)
             ... on level 9 of the Dungeon.
             The game lasted 00:35:38 (12805 turns).

Murumi the Fighter (Ogre Conjurer)                 Turns: 12805, Time: 00:35:39

Health: -2/111     AC: 11    Str: 16    XL:     10   Next: 51%
Magic:  0/16       EV: 13    Int: 25    God:    Okawaru [*.....]
Gold:   529        SH:  0    Dex:  7    Spells: 14/17 levels left

rFire    . . .     SeeInvis .   e - +1 whip
rCold    . . .     Faith    .   (no shield)
rNeg     . . .     Spirit   +   q - +0 steam dragon scales
rPois    .         Reflect  .   (helmet restricted)
rElec    .         Harm     .   s - +0 cloak
rCorr    .         Rampage  .   (gloves unavailable)
MR       +....                  (boots unavailable)
Stlth    +++.......             k - amulet of guardian spirit
HPRegen  0.28/turn              a - +6 ring of intelligence
MPRegen  0.15/turn              (no ring)

@: heroism, stab
A: large, unfitting armour, icy blue scales 1, mutation resistance 1, tough skin
1
a: Heroism, Renounce Religion


You were on level 9 of the Dungeon.
You worshipped Okawaru.
Okawaru was aware of your devotion.
You visited 2 branches of the dungeon, and saw 10 of its levels.

You collected 529 gold pieces.

Inventory:

Hand Weapons
 e - a +1 whip (weapon)
 n - a +0 giant spiked club
Missiles
 i - 5 large rocks (quivered)
Armour
 q - +0 steam dragon scales (worn)
 s - a +0 cloak (worn)
Jewellery
 a - a +6 ring of intelligence (left hand)
 k - an amulet of guardian spirit (around neck)
Wands
 f - a wand of acid (5)
 l - a wand of flame (39)
 t - a wand of iceblast (6)
Scrolls
 d - 4 scrolls of remove curse
 h - a scroll of fog
 j - 2 scrolls of enchant armour
 o - 3 scrolls of amnesia
 p - 5 scrolls of identify
 r - a scroll of magic mapping
 u - a scroll of teleportation
Potions
 b - 4 potions of curing
 m - a potion of flight


   Skills:
 + Level 10.8(15.8) Fighting
 - Level 6.0(11.0) Maces & Flails
 - Level 5.0(10.0) Armour
 - Level 6.0(11.0) Dodging
 - Level 2.0(7.0) Stealth
 - Level 4.0 Spellcasting
 - Level 4.0 Conjurations
 - Level 4.0 Invocations
 - Level 2.0 Evocations


You had 14 spell levels left.
You knew the following spells:

 Your Spells              Type           Power        Failure   Level
a - Magic Dart            Conj           ####         1%          1
b - Searing Ray           Conj           ####..       2%          2

Your spell library contained the following spells:

 Spells                   Type           Power        Failure   Level
 Dazzling Flash           Conj/Hex       ###...       12%         3
 Fulminant Prism          Conj/Hex       ###.......   36%         4
 Iskenderun's Mystic Bla  Conj/Tloc      ###.....     36%         4
 Irradiate                Conj/Tmut      ###.......   73%         5
 Hydra Form               Tmut           #.........   100%        6
 Statue Form              Tmut/Erth      #........    100%        6
 Dragon Form              Tmut           #.........   100%        7


Dungeon Overview and Level Annotations

Branches:
Dungeon (9/15)             Temple (1/1) D:7
   Lair: D:8-11         Orc: D:9-12

Altars:
Ashenzari
Cheibriados
Dithmenos
Elyvilon
Fedhas
Gozag
Hepliaklqana
Kikubaaqudgha
Makhleb
Nemelex Xobeh
Okawaru
Ru
Sif Muna
Trog
Uskayaw
Wu Jian
Xom
Yredelemnul
Zin
The Shining One


Innate Abilities, Weirdness & Mutations

You are too large for most types of armour.
You have tough skin. (AC +1)
You are partially covered in icy blue scales. (AC +2)
You are somewhat resistant to further mutation.


Message History

You feel extremely strange.
Icy blue scales grow over part of your body.
You feel genetically stable. The troll bites you.
* * * LOW HITPOINT WARNING * * *
The troll closely misses you. The troll barely misses you.
Okay, then.
You barely miss the troll.
The troll is heavily wounded.
You hit the troll.
The troll is severely wounded.
The troll closely misses you. The troll claws you!
* * * LOW HITPOINT WARNING * * *
The troll claws you!
* * * LOW HITPOINT WARNING * * *
You feel better. The troll bites you but does no damage. The troll claws you!
* * * LOW HITPOINT WARNING * * *
The troll claws you but does no damage.
You feel better. The troll bites you!
You die...

###'####### #.#
#.# #.##
#..#######
##.......#
########'##
#.#>..#...#
#.#@# #.#.#
+.T.# #.#.#
#.#####.#.+
#..))...#.#
#####'#####
...............
...##..........
#....##....
oo...# ...


You could see a troll.

Vanquished Creatures
  A two-headed ogre (D:6)
  Maggie (D:6)
  A hornet (D:6)
  Sigmund (D:5)
  3 yaks (D:8)
  Eustachio (D:6)
  Menkaure (D:5)
  2 orc warriors
  A sky beast (D:5)
  A black bear (D:9)
  An ice beast (D:2)
  A necrophage (D:5)
  2 phantoms (D:4)
  3 ogres
  A big kobold (D:7)
  3 bullfrogs
  2 scorpions
  4 killer bees (D:7)
  3 howler monkeys
  2 quasits
  3 centaur zombies
  2 hounds
  4 jellies
  4 bullfrog skeletons
  A centaur skeleton (D:5)
  2 orc priests
  5 orc wizards
  2 iguanas
  8 worker ants
  2 killer bee zombies (D:7)
  3 hound zombies
  A hound skeleton (D:7)
  A howler monkey zombie (D:5)
  A gnoll (D:6)
  8 adders
  3 shadow imps
  2 white imps
  An ufetubus (D:6)
  3 oozes
  2 adder skeletons
  2 worms
  3 dart slugs
  7 leopard geckos
  23 orcs
  3 giant cockroaches
  3 goblins
  16 hobgoblins
  5 jackals
  3 quokkas
  A ball python (D:2)
  7 bats
  4 frilled lizards
  2 gnoll zombies (D:8)
  10 kobolds
  2 leopard gecko zombies (D:5)
  2 quokka skeletons
  A quokka zombie (D:8)
  7 rats
194 creatures vanquished.

Vanquished Creatures (others)
  3 bushes (D:9)
  4 fungi (D:9)
  17 plants (D:9)
24 creatures vanquished.

Grand Total: 218 creatures vanquished

Notes
Turn   | Place    | Note
-------+----------+-------------------------------------------
     0 | D:1      | Murumi the Ogre Conjurer began the quest for the Orb.
     0 | D:1      | Reached XP level 1. HP: 16/16 MP: 3/3
   250 | D:1      | Reached XP level 2. HP: 23/24 MP: 0/5
  1214 | D:1      | Reached skill level 1 in Fighting
  1358 | D:2      | Noticed an ice beast
  1364 | D:1      | Learned a level 2 spell: Searing Ray
  1454 | D:2      | Reached XP level 3. HP: 33/33 MP: 2/7
  1864 | D:2      | Reached skill level 2 in Fighting
  2060 | D:2      | Killed an ice beast
  2060 | D:2      | Reached skill level 1 in Maces & Flails
  2060 | D:2      | Reached skill level 3 in Fighting
  2060 | D:2      | Reached skill level 4 in Fighting
  2060 | D:2      | Reached XP level 4. HP: 48/48 MP: 3/8
  2060 | D:2      | Reached XP level 5. HP: 54/54 MP: 3/9
  2708 | D:3      | Found an opulent altar of Gozag.
  3278 | D:3      | Reached skill level 1 in Armour
  3860 | D:4      | Reached skill level 1 in Evocations
  4021 | D:4      | Noticed a phantom
  4052 | D:4      | Killed a phantom
  4052 | D:4      | Reached skill level 5 in Fighting
  4052 | D:4      | Reached XP level 6. HP: 29/67 MP: 0/10
  4269 | D:4      | Reached skill level 6 in Fighting
  4374 | D:4      | Noticed a phantom
  4400 | D:4      | Reached XP level 7. HP: 32/75 MP: 1/11
  4736 | D:4      | Found a sacrificial altar of Ru.
  5127 | D:4      | Found a shadowy altar of Dithmenos.
  5193 | D:5      | Entered Level 5 of the Dungeon
  5207 | D:5      | Reached skill level 7 in Fighting
  5465 | D:5      | Reached skill level 8 in Fighting
  5567 | D:5      | Reached XP level 8. HP: 81/87 MP: 4/12
  5892 | D:5      | Noticed Sigmund
  5908 | D:5      | Killed Sigmund
  6616 | D:5      | Noticed Menkaure
  6622 | D:5      | Killed Menkaure
  6622 | D:5      | Reached skill level 9 in Fighting
  7653 | D:6      | Noticed a two-headed ogre
  7661 | D:6      | HP: 4/91 [two-headed ogre/cursed -2 giant club (23)]
  8210 | D:6      | Noticed Eustachio
  8217 | D:6      | Killed Eustachio
  8217 | D:6      | Reached skill level 5 in Maces & Flails
  8217 | D:6      | Reached XP level 9. HP: 97/97 MP: 2/13
  8387 | D:6      | Killed a two-headed ogre
  8387 | D:6      | Reached skill level 5 in Dodging
  8387 | D:6      | Reached skill level 10 in Fighting
  8631 | D:6      | Noticed Maggie
  8654 | D:6      | Killed Maggie
  9173 | D:6      | Noticed a hornet
  9329 | D:6      | Found a snail-covered altar of Cheibriados.
  9393 | D:6      | Paralysed by a hornet for 2 turns
  9400 | D:6      | Killed a hornet
  9738 | D:7      | Found a staircase to the Ecumenical Temple.
  9888 | Temple   | Entered the Ecumenical Temple
  9982 | Temple   | Became a worshipper of Warmaster Okawaru
  9999 | D:7      | Reached XP level 10. HP: 94/109 MP: 8/16
 10856 | D:7      | Identified the +3 ring mail "Luakly" {-Cast rElec Int+5
                  | Stlth-}
 11143 | D:7      | Reached skill level 5 in Armour
 11147 | D:7      | Reached skill level 1 in Invocations
 11154 | D:7      | Reached * piety under Okawaru
 11348 | D:7      | Found a glowing golden altar of the Shining One.
 12271 | D:8      | Found a basalt altar of Yredelemnul.
 12773 | D:9      | HP: 5/110 [troll (10)]
 12801 | D:9      | Gained mutation: You are partially covered in icy blue
                  | scales. (AC +2) [potion of mutation]
 12801 | D:9      | Gained mutation: You are somewhat resistant to further
                  | mutation. [potion of mutation]
 12803 | D:9      | HP: 2/111 [troll (11)]
 12805 | D:9      | Slain by a troll

Illustrated notes

Levels and vault maps discovered:
D:1:      giann_bridges, layout_basic
D:2:      layout_basic, kennysheep_decorative_pillar
D:3:      layout_loops_corners, nicolae_overflow_crystal_walls
D:4:      layout_loops_ring, hangedman_ru_absence, grunt_dithmenos_shadows
D:5:      layout_basic, sigmund_army, uniq_sigmund, uniq_menkaure
D:6:      layout_loops_ring, lemuel_coloured_pillars_altar,
          minmay_divided_ellipse, uniq_eustachio, uniq_maggie
D:7:      layout_basic, marbit_many_paths, minmay_temple_entry_junction_2
D:8:      layout_basic, lemuel_zombie_altar_yredelemnul
D:9:      layout_roguey, kennysheep_mini_moat, lemuel_round_altar,
          minmay_lair_entry_grove, erik_orc_4
Temple:   nicolae_temple_great_sept

Skill      XL: |  1  2  3  4  5  6  7  8  9 10 |
---------------+-------------------------------+-----
Dodging        | 2 3 4 6 |  6.0
Conjurations   | 4 |  4.0
Spellcasting   | 3 4 |  4.0
Fighting       | 1 4 5 6 8 9 10 | 10.8
Maces & Flails | 1 2 3 5 6 |  6.0
Armour         | 1 2 3 5 |  5.0
Evocations     | 1 2 |  2.0
Stealth        | 2 |  2.0
Invocations    | 4 |  4.0

Action                   |  1- 3 |  4- 6 |  7- 9 | 10-12 || total
-------------------------+-------+-------+-------+-------++-------
Melee: Unarmed           |     4 |       |       |       ||     4
       Club              |     4 |       |       |       ||     4
       Whip              |       |    30 |    66 |    82 ||   178
 Cast: Magic Dart        |    55 |    54 |    49 |    29 ||   187
       Searing Ray       |     2 |    11 |    65 |    35 ||   113
Invok: Heroism           |       |       |       |     2 ||     2
Evoke: Wand              |       |       |     4 |       ||     4
  Use: Scroll            |     7 |     4 |     5 |     3 ||    19
       Potion            |       |       |     1 |     9 ||    10
Armor: Robe              |    11 |     7 |    16 |       ||    34
       Steam dragon scal |       |       |    14 |    42 ||    56
Dodge: Dodged            |    11 |    18 |    86 |    75 ||   190

Table legend: (Time is in decaauts)
 A = Elapsed time spent in this place.
 B = Non-inter-level travel time spent in this place.
 C = Inter-level travel time spent in this place.
 D = Time resting spent in this place.
 E = Time spent auto-exploring this place.
 F = Levels seen in this place.
 G = Mean time per level.
                   A        B        C        D        E       F      G
               +--------+--------+--------+--------+--------+-----+--------+
         Total |  12797 |  12128 |    669 |    570 |   9926 |  10 | 1279.7 |
       Dungeon |  12693 |  12038 |    655 |    570 |   9837 |   9 | 1410.3 |
        Temple |    104 |     90 |     14 |      0 |     89 |   1 |  104.0 |
               +--------+--------+--------+--------+--------+-----+--------+

Top non-repeatable levels by time:
     D:6: 2225 daAuts
     D:5: 1857 daAuts
     D:7: 1744 daAuts
     D:4: 1711 daAuts
     D:1: 1444 daAuts
     D:2: 1231 daAuts
     D:3: 1166 daAuts
     D:8: 1023 daAuts
     D:9: 288 daAuts
  Temple: 104 daAuts
